 Dungeon Crawl Stone Soup version 0.28.0-43-g3370ac3207 (webtiles) character file.

Game seed: 11698604544927267695

925 lonewolfV2 the Covered (level 7, -4/61 HPs)
             Began as a Minotaur Fighter on Mar 24, 2022.
             Was an Initiate of Yredelemnul.
             Shot with a sling bullet by Joseph (14 damage)
             ... on level 7 of the Dungeon.
             The game lasted 00:08:45 (7067 turns).

lonewolfV2 the Covered (Minotaur Fighter)           Turns: 7067, Time: 00:08:45

Health: -4/61      AC:  3    Str: 23    XL:     7   Next: 84%
Magic:  6/6        EV: 10    Int:  5    God:    Yredelemnul [......]
Gold:   1179       SH:  4    Dex:  9    Spells: 6/6 levels left

rFire   . . .      SeeInvis .   e - +5 spear
rCold   . . .      Faith    .   c - +0 buckler
rNeg    . . .      Spirit   .   b - +0 scale mail
rPois   .          Reflect  .   (helmet restricted)
rElec   .          Harm     .   (no cloak)
rCorr   .          Rampage  .   (no gloves)
Will    .....                   (no boots)
Stlth   ..........              (no amulet)
HPRegen 0.20/turn               (no ring)
MPRegen 0.10/turn               (no ring)

@: corroded, flying
A: horns 2, retaliatory headbutt
a: Renounce Religion, Recall Undead Harvest


You were on level 7 of the Dungeon.
You worshipped Yredelemnul.
Yredelemnul was noncommittal.
You visited 2 branches of the dungeon, and saw 8 of its levels.

You collected 1179 gold pieces.

Inventory:

Hand Weapons
 a - a +0 war axe
 e - a +5 spear (weapon)
Armour
 b - a +0 scale mail (worn)
 c - a +0 buckler (worn)
Jewellery
 h - a ring of wizardry
 p - a +4 ring of evasion
Wands
 f - a wand of iceblast (13)
 n - a wand of flame (16)
 s - a wand of charming (12)
Scrolls
 i - 4 scrolls of teleportation
 l - 4 scrolls of identify
 o - 5 scrolls of fog
 q - 3 scrolls of magic mapping
 r - a scroll of blinking
Potions
 d - 2 potions of might
 g - 3 potions of brilliance
 j - 2 potions of degeneration
 k - a potion of curing
 m - a potion of flight


   Skills:
 + Level 5.5 Fighting
 + Level 2.8(4.7) Axes
 + Level 5.7(6.1) Polearms
 + Level 6.7 Armour
 + Level 3.0 Dodging
 + Level 0.2 Stealth
 + Level 5.1 Shields
 + Level 0.1 Invocations


You had 6 spell levels left.
You didn't know any spells.
Your spell library contained the following spells:

 Spells                   Type           Power      Damage    Failure   Level
 Conjure Flame            Conj/Fire      0%         6-21      99%         3
 Ignite Poison            Fire/Tmut/Pois 0%         N/A       99%         3
 Sticky Flame             Conj/Fire      0%         2d3       100%        4


Dungeon Overview and Level Annotations

Branches:
Dungeon (7/15)             Temple (1/1) D:4

Altars:
Ashenzari
Cheibriados
Dithmenos
Gozag
Kikubaaqudgha
Okawaru
Qazlal
Ru
Sif Muna
Trog
Uskayaw
Vehumet
Xom
Yredelemnul
Zin

Annotations:
D:7 Joseph


Innate Abilities, Weirdness & Mutations

You have a pair of horns on your head.
You reflexively headbutt those who attack you in melee.


Message History

Partly explored, can't reach some places.
Partly explored, can't reach some places.
Partly explored, can't reach some places.
There is a stone staircase leading down here.
Key pressed, stopping travel.
You climb downwards.
Your mindless puppets stay behind to rot.
Found an Everburning Encyclopedia.
There is a stone staircase leading up here.
You pick up an Everburning Encyclopedia and begin reading...
You add the spells Conjure Flame, Ignite Poison and Sticky Flame to your library.
Okay, then.
Okay, then.
Found a ring mail.
Found an escape hatch in the ceiling.
Found a leather armour.
g - 3 potions of brilliance (gained 1)
There is an escape hatch in the ceiling here.
You open the door.
There is an open door here.
You open the door.
Joseph, a Mercenary comes into view.
He is wielding a +2 quarterstaff of speed and carrying a wand of acid (11).
Joseph shouts!
Joseph unwields a +2 quarterstaff of speed.
Joseph wields a +0 hunting sling.
Joseph shoots a sling bullet.
The sling bullet hits you.
There is an open door here.
Joseph zaps a wand.
The bolt of acid hits you!! The acid corrodes you!
Joseph shoots a sling bullet.
The sling bullet hits you!
Joseph shoots a sling bullet.
The sling bullet hits you!
* * * LOW HITPOINT WARNING * * *
You feel better.
Joseph zaps a wand.
The bolt of acid misses you.
You feel better.
Joseph shoots a sling bullet.
The sling bullet hits you!
* * * LOW HITPOINT WARNING * * *
It was a potion of flight.
You feel very buoyant.
You fly up into the air.
Joseph shoots a sling bullet.
The sling bullet hits you!
You die...
Your body rises from the dead as a mindless zombie.

#..
#.................[....#
#.
#......................#
+
#......................#
#......................#
#......................#
..........##'##........#
##########...#........#
.........#........
.....@.@.#......
......#+## ... ....##
####


You could see Joseph.

Vanquished Creatures
  A black bear (D:4)
  A phantom (D:6)
  A bullfrog (D:6)
  A water moccasin skeleton (D:4)
  2 hounds
  A jelly (D:5)
  A centaur zombie (D:5)
  2 orc priests (D:4)
  A bullfrog skeleton (D:6)
  5 iguanas
  Ijyb (D:5)
  Terence (D:3)
  A scorpion zombie (D:5)
  11 adders
  3 gnolls (D:3)
  A white imp (D:5)
  2 adder skeletons (D:4)
  A worm (D:2)
  2 dart slugs
  9 orcs
  7 ball pythons
  4 bats
  10 endoplasms
  7 giant cockroaches
  6 goblins
  2 hobgoblins
  4 jackals
  3 quokkas
  3 frilled lizards
  2 kobolds
  A quokka skeleton (D:4)
  4 rats
101 creatures vanquished.

Vanquished Creatures (collateral kills)
  A dart slug (D:5)
  2 goblins (D:5)
  A frilled lizard (D:5)
4 creatures vanquished.

Vanquished Creatures (others)
  A fungus (D:3)
  A plant (D:3)
2 creatures vanquished.

Grand Total: 107 creatures vanquished

Notes
Turn   | Place    | Note
-------+----------+-------------------------------------------
     0 | D:1      | lonewolfV2 the Minotaur Fighter began the quest for the
                  | Orb.
     0 | D:1      | Reached XP level 1. HP: 19/19 MP: 0/0
   180 | D:1      | Reached XP level 2. HP: 27/27 MP: 1/1
   430 | D:1      | Reached skill level 4 in Armour
   531 | D:2      | Reached skill level 1 in Polearms
   606 | D:2      | Reached XP level 3. HP: 33/33 MP: 2/2
   969 | D:2      | Identified a scroll of acquirement
   969 | D:2      | Acquired 866 gold pieces
  1609 | D:3      | Reached XP level 4. HP: 35/40 MP: 3/3
  1612 | D:3      | Reached skill level 1 in Dodging
  1945 | D:3      | Noticed Terence
  1957 | D:3      | Killed Terence
  2432 | D:3      | Reached XP level 5. HP: 43/46 MP: 4/4
  2511 | D:3      | Found a faded altar of an unknown god.
  2744 | D:4      | Noticed a black bear
  2758 | D:4      | Killed a black bear
  2759 | D:4      | Reached skill level 5 in Armour
  3309 | D:4      | Reached XP level 6. HP: 53/53 MP: 5/5
  4175 | D:4      | Found a glowing silver altar of Zin.
  4368 | D:4      | Found a staircase to the Ecumenical Temple.
  4865 | Temple   | Entered the Ecumenical Temple
  4968 | Temple   | Became a worshipper of Yredelemnul the Dark
  5242 | D:5      | Entered Level 5 of the Dungeon
  5551 | D:5      | Reached XP level 7. HP: 59/60 MP: 6/6
  5733 | D:5      | Noticed Ijyb
  5743 | D:5      | Killed Ijyb
  5744 | D:5      | Reached skill level 5 in Polearms
  5921 | D:5      | Reached * piety under Yredelemnul
  5922 | D:5      | Reached skill level 5 in Fighting
  5929 | D:5      | Reached skill level 6 in Armour
  5930 | D:5      | Reached ** piety under Yredelemnul
  5936 | D:5      | Found a shimmering altar of Xom.
  6135 | D:6      | Reached skill level 5 in Shields
  6605 | D:6      | Found a snail-covered altar of Cheibriados.
  6642 | D:6      | Found a shimmering blue altar of Sif Muna.
  6715 | D:6      | Found an opulent altar of Gozag.
  7060 | D:7      | Noticed Joseph
  7067 | D:7      | Shot with a sling bullet by Joseph

Illustrated notes

Levels and vault maps discovered:
D:1:      dpeg_arrival_arbitrary_c, layout_rooms, minmay_misc_feat_secret_circle
D:2:      layout_loops_ring, minivault_24
D:3:      layout_basic, shapermc_ecumenical_altar_acropolis, uniq_terence
D:4:      layout_basic, zin_academy, minmay_temple_entry_large_hall,
          hangedman_decor_opposing, roderic_three_in_a_row
D:5:      nicolae_BIG_FREAKIN_CUBE, layout_basic, tgw_xom, uniq_ijyb
D:6:      layout_basic, kennysheep_mini_moat, led_sif_pool,
          nicolae_gozag_seed_capital
D:7:      layout_gridville, lemuel_doored_altar, serial_shops,
          nicolae_shop_window_shopping, uniq_joseph
Temple:   zaba_magenta_temple

Skill      XL: |  1  2  3  4  5  6  7 |
---------------+----------------------+-----
Armour         | 4 5 6 |  6.7
Fighting       | 4 5 |  5.5
Polearms       | 1 2 3 4 5 |  5.7
Shields        | 4 5 |  5.1
Dodging        | 1 2 3 |  3.0
Axes           | |  2.8
Stealth        | |  0.2
Invocations    | |  0.1

Action                   |  1- 3 |  4- 6 |  7- 9 || total
-------------------------+-------+-------+-------++-------
Melee: Spear             |    77 |   146 |    65 ||   288
       Headbutt          |    11 |    18 |    16 ||    45
       War axe           |     2 |       |       ||     2
Invok: Recall Undead Har |       |       |     2 ||     2
  Use: Scroll            |     8 |     6 |       ||    14
       Potion            |       |     4 |     3 ||     7
Armor: Scale mail        |    25 |    73 |    14 ||   112
Dodge: Dodged            |    31 |    70 |    26 ||   127
Block: Buckler           |    13 |    34 |    12 ||    59
